 Dungeon Crawl Stone Soup version 0.25.1-2-g60ff931df9 (webtiles) character file.

Game seed: 10207969809260841764

3087 hawla the Cleaver (level 9, -16/78 HPs)
             Began as a Minotaur Berserker on Oct 8, 2020.
             Was a High Priest of Trog.
             Demolished by a white ugly thing (20 damage)
             ... on level 8 of the Dungeon.
             The game lasted 00:16:01 (7490 turns).

hawla the Cleaver (Minotaur Berserker)              Turns: 7490, Time: 00:16:02

Health: -16/78     AC: 10    Str: 29    XL:     9   Next: 59%
Magic:  8/8        EV:  7    Int:  8    God:    Trog [*****.]
Gold:   435        SH:  0    Dex: 10    Spells: 8/8 levels left

rFire    . . .     SeeInvis .   y - +2 hand axe (distort)
rCold    . . .     Gourm    .   (no shield)
rNeg     + . .     Faith    .   K - +1 ring mail "Itifeschi" {rElec rPois Str-2 Int+4} (curse)
rPois    +         Spirit   .   (helmet restricted)
rElec    +         Reflect  .   n - scarf {+Inv}
rCorr    .         Harm     .   f - +1 pair of gloves
MR       .....                  (no boots)
Stlth    ..........             (no amulet)
HPRegen  0.23/turn              D - +6 ring of strength
MPRegen  0.11/turn              w - ring of positive energy

@: held
A: retaliatory headbutt, horns 2
a: Berserk, Trog's Hand, Brothers in Arms, Renounce Religion, Evoke Invisibility


You were on level 8 of the Dungeon.
You worshipped Trog.
Trog was extremely pleased with you.
You were not hungry.

You visited 2 branches of the dungeon, and saw 9 of its levels.
You also visited: Ossuary.

You collected 435 gold pieces.

Inventory:

Hand Weapons
 y - a +2 hand axe of distortion (weapon)
Missiles
 p - 4 boomerangs of dispersal
 s - 17 boomerangs (quivered)
Armour
 f - a +1 pair of gloves (worn)
 n - a scarf of invisibility (worn)
 B - a +2 robe of resistance
 F - the +7 Kryia's mail coat {PotionHeal*2 rC+}
   (You found it on level 6 of the Dungeon)

   It protects you from cold.
 K - the cursed +1 ring mail "Itifeschi" (worn) {rElec rPois Str-2 Int+4}
   (You found it on level 7 of the Dungeon)

   It affects your strength (-2).
   It affects your intelligence (+4).
   It insulates you from electricity.
   It protects you from poison.
   It has a curse placed upon it.
Jewellery
 a - a +4 ring of evasion
 e - an uncursed ring of protection from magic
 t - an uncursed ring of poison resistance
 v - an uncursed ring of flight
 w - a ring of positive energy (right hand)
 D - a +6 ring of strength (left hand)
Wands
 r - a wand of polymorph (6)
 x - a wand of flame (4)
 J - a wand of disintegration (12)
Scrolls
 b - 4 scrolls of blinking
 h - 8 scrolls of remove curse
 m - a scroll of identify
 u - 2 scrolls of teleportation
 G - a scroll of fog
 H - 3 scrolls of enchant weapon
 I - a scroll of enchant armour
Potions
 d - 2 potions of flight
 g - 4 potions of lignification {unknown}
 i - 3 potions of invisibility
 j - 2 potions of cancellation {unknown}
 k - 3 potions of might {unknown}
 l - 5 potions of curing {unknown}
 o - a potion of heal wounds
 q - 2 potions of berserk rage {unknown}
 z - 3 potions of stabbing {unknown}
 C - 2 potions of magic {unknown}
 E - a potion of degeneration {unknown}
Comestibles
 c - 7 rations
 L - 3 chunks of flesh


   Skills:
 + Level 6.8 Fighting
 + Level 11.1 Axes
 + Level 2.3 Throwing
 + Level 7.4 Armour
 * Level 6.9 Dodging


You had 8 spell levels left.
You didn't know any spells.
Your spell library was empty.

Dungeon Overview and Level Annotations

Branches:
Dungeon (8/15)             Temple (1/1) D:6         Ossuary (visited)
   Lair: D:8-11

Altars:
Ashenzari
Cheibriados
Gozag
Kikubaaqudgha
Makhleb
Nemelex Xobeh
Okawaru
Ru
Xom
Zin


Innate Abilities, Weirdness & Mutations

You reflexively headbutt those who attack you in melee.
You have a pair of horns on your head.


Message History

The white ugly thing blinks!
You hear a shout! x2
A gnoll comes into view. It is wielding a +0 whip.
The gnoll throws a throwing net.
The throwing net misses you.
Found a scroll labeled CUNUSATORGH.
Found a stone staircase leading down.
The white ugly thing headbutts you but does no damage.
The gnoll throws a throwing net.
The throwing net hits you.
You become entangled in the net!
A gnoll comes into view. It is wielding a +0 spear.
You see here a throwing net.
You are held in a net!
You are held in a net!
Unknown command.
You struggle against the net.
The white ugly thing headbutts you! The white ugly thing freezes you!!
* * * LOW HITPOINT WARNING * * *
You struggle against the net.
The white ugly thing headbutts you.
* * * LOW HITPOINT WARNING * * *
The white ugly thing freezes you!!
You die...

#...# #..?#
#...# #...#
######...######
.[..g....$.....
....g..u.......
.g...g.@......>
..####..(######
#...# #...#
#...#
#...######
#...ยงยง...#
##.#####)#
...#####.###


You could see a white ugly thing and 4 gnolls.

Vanquished Creatures
  Pikel (D:7)
  Sigmund (D:5)
  Menkaure (D:5)
  Duvessa (D:6)
  2 slaves (D:7)
  2 ice beasts (D:7)
  2 phantoms
  2 sky beasts
  A centaur (D:7)
  2 ogres
  2 bullfrogs (D:7)
  Dowan (D:6)
  A scorpion (D:5)
  2 centaur zombies
  A human zombie (Ossuary)
  3 orc priests
  3 hounds
  3 orc wizards
  A bullfrog skeleton (D:4)
  2 iguanas
  Ijyb (D:5)
  4 worker ants
  2 killer bee zombies
  A big kobold zombie (Ossuary)
  A mummy (Ossuary)
  A howler monkey zombie (D:7)
  4 gnolls (D:7)
  3 adders
  An ooze (D:4)
  2 adder skeletons
  2 adder zombies (Ossuary)
  3 worms
  3 dart slugs
  8 leopard geckos
  18 orcs
  5 giant cockroaches
  14 goblins
  5 hobgoblins
  6 jackals
  A quokka (D:6)
  4 ball pythons
  8 bats
  6 frilled lizards
  2 goblin zombies (Ossuary)
  11 hobgoblin zombies (Ossuary)
  A jackal skeleton (D:4)
  A jackal zombie (Ossuary)
  7 kobolds
  4 kobold zombies (Ossuary)
  A leopard gecko skeleton (D:8)
  9 orc zombies (Ossuary)
  2 quokka skeletons (D:7)
  8 rats
183 creatures vanquished.

Vanquished Creatures (others)
  A water moccasin (D:5)
  A phantom (D:8)
  A centaur (D:5)
  An elf zombie (Ossuary)
  2 crimson imps
  An orc priest (D:6)
  A worker ant (D:4)
  A big kobold zombie (Ossuary)
  A mummy (Ossuary)
  A hobgoblin zombie (Ossuary)
  An orc zombie (Ossuary)
12 creatures vanquished.

Grand Total: 195 creatures vanquished

Notes
Turn   | Place    | Note
-------+----------+-------------------------------------------
     0 | D:1      | hawla the Minotaur Berserker began the quest for the Orb.
     0 | D:1      | Reached XP level 1. HP: 19/19 MP: 0/0
   271 | D:1      | Reached XP level 2. HP: 20/27 MP: 1/1
   411 | D:1      | Reached skill level 4 in Axes
  1588 | D:2      | Reached XP level 3. HP: 33/33 MP: 2/2
  1845 | D:2      | Reached ** piety under Trog
  2611 | D:3      | Found an opulent altar of Gozag.
  2685 | D:3      | Reached XP level 4. HP: 40/40 MP: 3/3
  2923 | D:3      | Reached skill level 5 in Axes
  3005 | D:3      | Found a sacrificial altar of Ru.
  3025 | D:3      | Reached *** piety under Trog
  3203 | D:4      | Reached XP level 5. HP: 41/47 MP: 4/4
  3318 | D:4      | Noticed a phantom
  3322 | D:4      | Got an ichor-stained rapier
  3323 | D:4      | Identified the +8 rapier "Imp's Death Toll" {vorpal, *Slow
                  | +Inv Dex+4 Stlth+} (You found it on level 4 of the Dungeon)
  3339 | D:4      | Killed a phantom
  3339 | D:4      | Reached skill level 6 in Axes
  3339 | D:4      | Reached XP level 6. HP: 38/53 MP: 5/5
  3933 | D:4      | Found a sparkling altar of Nemelex Xobeh.
  3983 | D:4      | Reached skill level 5 in Armour
  3983 | D:4      | Reached XP level 7. HP: 60/60 MP: 6/6
  4181 | D:5      | Entered Level 5 of the Dungeon
  4181 | D:5      | Noticed Menkaure
  4189 | D:5      | Killed Menkaure
  4189 | D:5      | Reached skill level 7 in Axes
  4198 | D:5      | Found a sand-covered staircase.
  4203 | Ossuary  | Entered an ossuary
  4333 | Ossuary  | Reached skill level 5 in Dodging
  4351 | Ossuary  | Reached **** piety under Trog
  4360 | Ossuary  | Reached skill level 5 in Fighting
  4512 | D:5      | Reached skill level 8 in Axes
  4637 | D:5      | Noticed Sigmund
  4644 | D:5      | Noticed Ijyb
  4649 | D:5      | Killed Sigmund
  4649 | D:5      | Reached XP level 8. HP: 68/68 MP: 7/7
  4660 | D:5      | Killed Ijyb
  4917 | D:5      | Found an ancient bone altar of Kikubaaqudgha.
  5012 | D:5      | Found a snail-covered altar of Cheibriados.
  5178 | D:5      | Found an iron altar of Okawaru.
  5186 | D:5      | Reached skill level 9 in Axes
  5516 | D:6      | Found a staircase to the Ecumenical Temple.
  5530 | D:6      | Reached skill level 1 in Throwing
  5541 | Temple   | Entered the Ecumenical Temple
  5633 | D:6      | Found a shimmering altar of Xom.
  5715 | D:6      | Noticed Duvessa
  5718 | D:6      | Noticed Dowan
  5722 | D:6      | Killed Duvessa
  5722 | D:6      | Reached skill level 10 in Axes
  5729 | D:6      | Killed Dowan
  5973 | D:6      | Found the +7 Kryia's mail coat {PotionHeal*2 rC+}
  6398 | D:7      | Reached XP level 9. HP: 75/75 MP: 8/8
  6869 | D:7      | Got a spiked ring mail
  6880 | D:7      | Identified the cursed +1 ring mail "Itifeschi" {rElec rPois
                  | Str-2 Int+4} (You found it on level 7 of the Dungeon)
  6906 | D:7      | Found a faded altar of an unknown god.
  6906 | D:7      | Found a shattered altar of Ashenzari.
  6911 | D:7      | Found a glowing silver altar of Zin.
  6913 | D:7      | Found a faded altar of an unknown god.
  6915 | D:7      | Found a burning altar of Makhleb.
  7036 | D:7      | Noticed Pikel
  7052 | D:7      | Killed Pikel
  7052 | D:7      | Reached skill level 11 in Axes
  7481 | D:8      | Reached ***** piety under Trog
  7483 | D:8      | Noticed a white ugly thing
  7490 | D:8      | Demolished by a white ugly thing

Illustrated notes

Levels and vault maps discovered:
D:1:      evilmike_arrival_plus, layout_basic, minmay_misc_feat_hallway,
          grunt_decor_fettered, minivault_4, hex_tiny
D:2:      kennysheep_six_static_rooms, layout_loops_corners
D:3:      layout_basic, nicolae_gozag_seed_capital, lemuel_doored_altar,
          first_ration
D:4:      layout_loops_ring, kennysheep_doodads, minmay_misc_feat_enclosed,
          nemelex_dance_club_becter
D:5:      layout_loops_ring, kennysheep_okawaru_gauntlet,
          kennysheep_slug_shrine, basic_altar, nicolae_ossuary_entry_plus,
          uniq_menkaure, uniq_sigmund, uniq_ijyb
D:6:      layout_basic, minmay_temple_entry_steel_oval, basic_altar,
          uniq_duvessa
D:7:      layout_basic, chequers_temple_overflow_minitemple, grunt_decor_cap,
          uniq_pikel
D:8:      layout_loops_cross, lair_entry_dummy
Temple:   regret_index_temple_waves

Skill      XL: |  1  2  3  4  5  6  7  8  9 |
---------------+----------------------------+-----
Axes           | 4 5 6 8 10 11 | 11.1
Fighting       | 4 5 6 |  6.8
Dodging        | 3 4 5 6 |  6.9
Armour         | 3 5 6 7 |  7.4
Throwing       | 1 2 |  2.3

Action                   |  1- 3 |  4- 6 |  7- 9 || total
-------------------------+-------+-------+-------++-------
Melee: Hand axe          |   116 |    63 |   207 ||   386
       Headbutt          |    10 |    16 |    37 ||    63
       Rapier            |       |    15 |       ||    15
Throw: Boomerang         |       |     2 |    12 ||    14
  Use: Scroll            |     2 |     6 |     6 ||    14
       Potion            |       |     1 |       ||     1
 Stab: Sleeping          |       |     1 |       ||     1
  Eat: Chunk             |     6 |     4 |     7 ||    17
       Ration            |       |       |     1 ||     1
Armor: Animal skin       |     7 |       |       ||     7
       Leather armour    |    12 |       |       ||    12
       Ring mail         |    12 |    29 |    33 ||    74
       Scale mail        |       |       |    33 ||    33
Dodge: Dodged            |    78 |    48 |   101 ||   227
